 Dungeon Crawl Stone Soup version 0.19.5 (webtiles) character file.

8786 ghjk the Severer (level 11, -2/95 HPs)
             Began as a Minotaur Fighter on Apr 20, 2017.
             Slain by a white ugly thing (24 damage)
             ... on level 11 of the Dungeon.
             The game lasted 00:18:37 (9212 turns).

ghjk the Severer (Minotaur Fighter)                 Turns: 9212, Time: 00:18:38

Health: -2/95      AC: 13    Str: 23    XL:     11   Next: 14%
Magic:  10/10      EV:  7    Int:  5    God:
Gold:   505        SH: 15    Dex: 16    Spells: 0 memorised, 10 levels left

rFire  . . .     SeeInvis .     N - +1 war axe (chop)
rCold  . . .     Gourm    .     b - +0 scale mail
rNeg   . . .     Faith    .     c - +0 shield
rPois  .         Spirit   .     (helmet restricted)
rElec  .         Reflect  +     q - +1 cloak
rCorr  .         Harm     .     A - +0 pair of gloves
MR     .....                    u - +0 pair of boots
Stlth  ..........               s - +5 amulet of reflection
                                (no ring)
                                j - +5 ring of dexterity

@: no status effects
A: retaliatory headbutt, horns 2
a: no special abilities


You were on level 11 of the Dungeon.
You were not hungry.

You visited 2 branches of the dungeon, and saw 12 of its levels.
You also visited: Trove, Sewer and Ossuary.

You collected 1583 gold pieces.
You spent 1078 gold pieces at shops.

Inventory:

Hand Weapons
 a - a +1 war axe of freezing
 N - a +1 war axe of chopping (weapon)
 Y - the +4 battleaxe of the Tired Spirits {chop, rF++ Dex-4, unknown}
   (You found it in a treasure trove)

   It inflicts extra damage upon your enemies.
   It affects your dexterity (-4).
   It greatly protects you from fire.
Missiles
 e - 105 bolts
Armour
 b - a +0 scale mail (worn)
 c - a +0 shield (worn)
 q - a +1 cloak (worn)
 u - a +0 pair of boots (worn)
 A - a +0 pair of gloves (worn)
 Z - a +3 plate armour of cold resistance
Jewellery
 j - a +5 ring of dexterity (left hand)
 n - an uncursed ring of resist corrosion {unknown}
 r - a +2 amulet of reflection
 s - a +5 amulet of reflection (around neck)
 x - a cursed amulet of inaccuracy {unknown}
 y - a +4 ring of evasion {unknown}
 D - an uncursed amulet of harm
 E - an uncursed ring of fire {unknown}
 P - the ring "Pekkeegi" {rCorr rPois MR++ Str+3 Dex-2, unknown}
   (You found it in a treasure trove)

   [ring of resist corrosion]

   It affects your strength (+3).
   It affects your dexterity (-2).
   It protects you from poison.
   It affects your resistance to hostile enchantments.
 R - the ring "Ynatt" {+Fly Int+2}
   (You found it in a treasure trove)

   [ring of intelligence]

   It affects your intelligence (+2).
   It lets you fly.
 U - an uncursed ring of positive energy {unknown}
 V - an uncursed ring of stealth {unknown}
 X - an uncursed ring of positive energy {unknown}
Wands
 m - a wand of digging (14/24)
 F - a wand of iceblast (5/15)
 I - a wand of acid (7/15)
 Q - a wand of disintegration (18/24)
Scrolls
 k - 3 scrolls of magic mapping
 p - 8 scrolls of remove curse
 C - 9 scrolls of teleportation
 O - a scroll of enchant armour
 T - a scroll of identify
 W - 2 scrolls of recharging
Potions
 d - 3 potions of might
 g - 8 potions of curing
 h - 6 potions of agility
 i - 2 potions of berserk rage
 l - 2 potions of beneficial mutation {unknown}
 o - 4 potions of brilliance {unknown}
 t - 3 potions of lignification {unknown}
 w - 4 potions of heal wounds {unknown}
 z - 4 potions of cure mutation {unknown}
 B - 4 potions of flight {unknown}
 H - a potion of cancellation {unknown}
 J - 4 potions of haste
 K - a potion of ambrosia {unknown}
 L - 2 potions of invisibility {unknown}
 M - a potion of resistance {unknown}
Books
 S - a book of Geomancy

   Spells                             Type                      Level
   a - Sandblast                      Earth                        1
   b - Passwall                       Transmutation/Earth          2
   c - Stone Arrow                    Conjuration/Earth            3
   d - Petrify                        Transmutation/Earth          4
   e - Lee's Rapid Deconstruction     Earth                        5
Comestibles
 f - 7 bread rations
 v - 3 meat rations
 G - 4 slices of pizza


   Skills:
 + Level 8.8 Fighting
 * Level 16.6 Axes
 + Level 8.1 Armour
 - Level 3.6 Shields
 + Level 0.5 Evocations


You had 10 spell levels left.
You didn't know any spells.

Dungeon Overview and Level Annotations

Branches:
Dungeon (11/15)            Temple (1/1) D:7            Lair (0/6) D:9
    Orc (0/2) D:10

Altars:
Ashenzari
Cheibriados
Dithmenos
Elyvilon
Fedhas
Gozag
Hepliaklqana
Kikubaaqudgha
Makhleb
Nemelex Xobeh
Qazlal
Ru
Sif Muna
Trog
Uskayaw
Vehumet
Xom
Yredelemnul
Zin
The Shining One

Shops:
D:4 *   D:8 (


Innate Abilities, Weirdness & Mutations

You reflexively headbutt those who attack you in melee.
You have a pair of horns on your head.


Message History

You barely miss the white ugly thing.
The white ugly thing is heavily wounded.
The white ugly thing headbutts you. The white ugly thing freezes you!
You slash the white ugly thing!
You headbutt the white ugly thing, but do no damage.
The white ugly thing is almost dead.
You block the white ugly thing's attack.
You hit the white ugly thing.
The white ugly thing is almost dead.
The white ugly thing headbutts you. The white ugly thing freezes you!
* * * LOW HITPOINT WARNING * * *
You are too injured to fight recklessly!
You are too injured to fight recklessly!
You closely miss the white ugly thing.
The white ugly thing is almost dead.
Unknown command.
You feel better. The white ugly thing headbutts you.
* * * LOW HITPOINT WARNING * * *
The white ugly thing freezes you!!
You die...

###.........#............##......
..#.........#............##......
..#.........#..........).##......
..#...u.....#########))#.##......
..#....(....#########..#.#.......
.)'....((...'............#.####)#
.)#.........#########....#.#.))[#
..#######..†.)#######....#.#.#)..
.. #.....(u@......#.#.#<#..# ..
#.....#######.##...####.# ##
.......## #............ ........#
######.#####.# ..........
#...........(. .........##
#.#.#####.####.# .........# #.#
#.## #[# #### #.# #..# #.# #.#
##.###.#


You could see a white ugly thing.

Vanquished Creatures
  2 hill giants
  A gargoyle (D:11)
  A troll (D:9)
  A two-headed ogre (D:9)
  4 ynoxinuls (Trove)
  A human (D:8)
  6 yaks (D:11)
  A hungry ghost (D:10)
  A water moccasin (D:5)
  Duvessa (D:7)
  2 soldier ants (D:10)
  Purgy (Sewer)
  2 ice beasts
  3 orc warriors
  2 sky beasts
  2 black bears (D:10)
  5 phantoms
  A necrophage (D:10)
  5 centaurs
  2 ogres (D:7)
  Blork the orc (D:6)
  A big kobold (D:9)
  3 bullfrogs
  2 wyvern zombies
  Dowan (D:7)
  A scorpion (D:11)
  21 wights
  6 crimson imps
  2 bullfrog zombies
  A centaur zombie (D:7)
  3 hounds
  2 quasits
  A jelly (D:4)
  2 centaur skeletons
  9 orc wizards
  5 orc priests
  3 iguanas
  2 bullfrog skeletons
  2 worker ants (D:7)
  A big kobold zombie (Ossuary)
  A hound zombie (D:5)
  2 hound skeletons
  8 mummies (Ossuary)
  3 worker ant zombies
  4 gnolls (D:3)
  A river rat (D:4)
  14 adders
  2 shadow imps
  An adder zombie (D:10)
  6 worms
  2 dart slugs (D:2)
  8 leopard geckos
  35 orcs
  4 ball pythons (Sewer)
  4 bats
  3 giant cockroaches
  7 goblins
  5 hobgoblins
  20 jackals
  4 quokkas
  5 frilled lizards
  2 gnoll zombies (Ossuary)
  2 hobgoblin zombies (Ossuary)
  A jackal skeleton (D:7)
  12 kobolds
  2 kobold zombies (Ossuary)
  A leopard gecko zombie (D:5)
  An orc zombie (Ossuary)
  A quokka skeleton (D:10)
  9 rats
283 creatures vanquished.

Notes
Turn   | Place    | Note
-------+----------+-------------------------------------------
     0 | D:1      | ghjk the Minotaur Fighter began the quest for the Orb.
     0 | D:1      | Reached XP level 1. HP: 19/19 MP: 0/0
    83 | D:1      | Reached XP level 2. HP: 16/27 MP: 1/1
   139 | D:1      | Reached skill level 3 in Axes
   241 | D:1      | Reached XP level 3. HP: 19/33 MP: 2/2
   773 | D:2      | Found a hazy altar of Hepliaklqana.
   778 | D:2      | Reached skill level 4 in Axes
  1075 | D:2      | Found a blossoming altar of Fedhas.
  1158 | D:2      | Reached XP level 4. HP: 34/41 MP: 3/3
  1367 | D:3      | Reached skill level 5 in Axes
  1456 | D:3      | Reached XP level 5. HP: 40/47 MP: 4/4
  2131 | D:4      | Noticed a phantom
  2134 | D:4      | Found Zin's Purification Station.
  2146 | D:4      | Found a glowing silver altar of Zin.
  2152 | D:4      | Killed a phantom
  2152 | D:4      | Reached skill level 6 in Axes
  2152 | D:4      | Reached XP level 6. HP: 46/53 MP: 5/5
  2210 | D:4      | Found a stormy altar of Qazlal.
  2350 | D:4      | Found a glowing drain.
  2361 | Sewer    | Entered a sewer
  2455 | Sewer    | Noticed Purgy
  2469 | Sewer    | Killed Purgy
  2469 | Sewer    | Reached skill level 5 in Fighting
  2469 | Sewer    | Reached skill level 7 in Axes
  2469 | Sewer    | Reached skill level 5 in Armour
  2657 | D:4      | Reached XP level 7. HP: 61/61 MP: 6/6
  2944 | D:5      | Entered Level 5 of the Dungeon
  3140 | D:5      | Reached skill level 8 in Axes
  3744 | D:5      | Reached skill level 9 in Axes
  4112 | D:6      | Reached XP level 8. HP: 62/68 MP: 7/7
  4175 | D:6      | Noticed Blork the orc
  4180 | D:6      | Killed Blork the orc
  4222 | D:6      | Reached skill level 10 in Axes
  4651 | D:6      | Found a burning altar of Makhleb.
  4766 | D:7      | Reached skill level 11 in Axes
  4868 | D:7      | Found a staircase to the Ecumenical Temple.
  4884 | D:7      | Noticed Duvessa
  4886 | Temple   | Entered the Ecumenical Temple
  4971 | D:7      | Noticed Dowan
  4975 | D:7      | Killed Duvessa
  4975 | D:7      | Reached skill level 12 in Axes
  4975 | D:7      | Reached XP level 9. HP: 71/75 MP: 8/8
  4977 | D:7      | Killed Dowan
  5000 | D:7      | Found an opulent altar of Gozag.
  5340 | D:7      | Found a basalt altar of Yredelemnul.
  5341 | D:7      | Found a sparkling altar of Nemelex Xobeh.
  5544 | D:8      | Found a sacrificial altar of Ru.
  5553 | D:8      | Found a shattered altar of Ashenzari.
  5573 | D:8      | Reached skill level 13 in Axes
  5587 | D:8      | Found Cil Fapu's Weapon Boutique.
  5670 | D:8      | Found a sand-covered staircase.
  5691 | Ossuary  | Entered an ossuary
  6372 | D:9      | Found a deep blue altar of Sif Muna.
  6377 | D:9      | Found a staircase to the Lair.
  6475 | D:9      | Found a shadowy altar of Dithmenos.
  6476 | D:9      | Noticed a troll
  6481 | D:9      | Killed a troll
  6481 | D:9      | Reached skill level 14 in Axes
  6843 | D:9      | Reached XP level 10. HP: 86/86 MP: 9/9
  6969 | D:10     | Entered Level 10 of the Dungeon
  7214 | D:10     | Found a staircase to the Orcish Mines.
  7305 | D:10     | Noticed a hill giant
  7320 | D:10     | Killed a hill giant
  7354 | D:10     | Reached skill level 15 in Axes
  7607 | D:10     | Found a portal to a secret trove of treasure.
  7742 | D:8      | Bought the +9 lajatang of the Old World {slice, *Drain +Rage rElec Dex+5} for 1078 gold pieces
  7821 | D:10     | You paid a toll of the lajatang of the Old World to enter a treasure trove
  7822 | Trove    | Entered a treasure trove
  7964 | Trove    | Got a translucent iron ring
  7969 | Trove    | Identified the Tome of Arcane Weapons
  7976 | Trove    | Identified the ring "Ynatt" {+Fly Int+2} (You found it in a treasure trove)
  8267 | Trove    | Got a heavily runed turquoise ring
  8274 | Trove    | Got a twisted battleaxe
  8482 | D:11     | Reached skill level 16 in Axes
  8938 | D:11     | Reached XP level 11. HP: 95/95 MP: 10/10
  9088 | D:11     | Noticed a hill giant
  9103 | D:11     | Killed a hill giant
  9120 | D:11     | Noticed a white ugly thing
  9212 | D:11     | Slain by a white ugly thing

Skill      XL: |  1  2  3  4  5  6  7  8  9 10 |
---------------+-------------------------------+-----
Fighting       | 4 5 6 7 8 |  8.8
Axes           | 3 4 5 6 7 9 12 14 16 | 16.6
Armour         | 4 5 6 7 8 |  8.1
Shields        | |  3.6
Evocations     | |  0.5

Action                   |  1- 3 |  4- 6 |  7- 9 | 10-12 || total
-------------------------+-------+-------+-------+-------++-------
Melee: War axe           |    89 |   131 |   364 |   352 ||   936
       Headbutt          |    10 |    31 |    80 |    86 ||   207
Evoke: Wand              |       |       |       |     4 ||     4
  Use: Scroll            |     3 |     4 |    12 |     2 ||    21
       Potion            |       |       |     1 |     1 ||     2
  Eat: Chunk             |       |     4 |     4 |       ||     8
       Pizza             |       |     1 |       |     6 ||     7
       Royal jelly       |       |       |     1 |       ||     1
       Fruit             |       |       |    10 |     3 ||    13
Armor: Scale mail        |    49 |    67 |    93 |   123 ||   332
Dodge: Dodged            |    30 |    35 |    62 |    86 ||   213
Block: Shield            |    53 |   103 |   240 |   259 ||   655
       Reflection        |       |       |     5 |     3 ||     8
